 Dungeon Crawl Stone Soup version 0.19.3-4-gbf9329e (webtiles) character file.

11550 TryAgain the Thaumaturge (level 11, 0/43 HPs)
             Began as a Deep Elf Air Elementalist on Jan 27, 2017.
             Was an Elder of Sif Muna.
             Slain by an unseen horror (2 damage)
             ... on level 12 of the Dungeon.
             The game lasted 01:06:04 (12842 turns).

TryAgain the Thaumaturge (DEAE)                    Turns: 12842, Time: 01:06:05

Health: 0/43       AC: 10    Str:  6    XL:     11   Next: 50%
Magic:  26/28      EV: 27    Int: 23    God:    Sif Muna [****..]
Gold:   317        SH:  7    Dex: 22    Spells: 9 memorised, 9 levels left

rFire  . . .     SeeInvis .     h - staff of earth
rCold  . . .     Gourm    .     q - +0 robe {rN+}
rNeg   + . .     Faith    .     r - +0 buckler
rPois  .         Spirit   .     l - +0 helmet
rElec  .         Reflect  .     (no cloak)
rCorr  .         Harm     .     w - +2 pair of gloves
MR     +....                    s - +0 pair of boots
Stlth  +++++.....               (no amulet)
                                (no ring)
                                (no ring)

@: agile
A: icy blue scales 1, thin skeletal structure 1, frail 2, shaggy fur 1
a: Divine Energy, Channel Magic, Forget Spell, Renounce Religion


You were on level 12 of the Dungeon.
You worshipped Sif Muna.
Sif Muna was greatly pleased with you.
You were not hungry.

You visited 3 branches of the dungeon, and saw 14 of its levels.

You collected 774 gold pieces.
You spent 457 gold pieces at shops.

Inventory:

Hand Weapons
 d - a +0 spear
 J - the +6 long sword of Qeeqotiw {slice, *Noise Dex+8 Stlth+, unknown}
   (You found it on level 10 of the Dungeon)

   It inflicts extra damage upon your enemies.
   It affects your dexterity (+8).
   It may make noises in combat.
   It makes you more stealthy.
 L - the +1 spear of Domination {pierce, rN+, unknown}
   (You found it on level 10 of the Dungeon)

   It inflicts extra damage upon your enemies.
   It protects you from negative energy.
Missiles
 e - 6 needles of confusion
Armour
 a - a +1 robe
 l - a +0 helmet (worn)
 q - a +0 robe of positive energy (worn)
 r - a +0 buckler (worn)
 s - a +0 pair of boots (worn)
 u - a +2 shield
 w - a +2 pair of gloves (worn)
Magical Staves
 h - an uncursed staff of earth (weapon)
Jewellery
 m - an uncursed ring of magical power {unknown}
 B - an uncursed ring of positive energy
 D - an uncursed amulet of guardian spirit
Wands
 k - a wand of iceblast (11/15)
 n - a wand of iceblast (6/15)
 t - a wand of confusion (33/48)
 v - a wand of flame (19/48)
 y - a wand of paralysis (11/24)
 z - a wand of paralysis (17/24)
 H - a wand of enslavement (15/24)
 I - a wand of confusion (18/48)
Scrolls
 f - 5 scrolls of identify
 g - 3 scrolls of amnesia
 p - a scroll of immolation
 F - a scroll of recharging
 G - 2 scrolls of magic mapping
 N - a scroll of remove curse
 P - a scroll of teleportation
Potions
 j - a potion of might
 A - 2 potions of flight
 E - 3 potions of agility
 M - a potion of cancellation
 O - a potion of ambrosia
Books
 b - a book of Air

   Spells                             Type                      Level
   a - Shock                          Conjuration/Air              1
   b - Swiftness                      Charms/Air                   2
   c - Repel Missiles                 Charms/Air                   2
   d - Static Discharge               Conjuration/Air              3
   e - Lightning Bolt                 Conjuration/Air              5
 x - a book of Flames

   Spells                             Type                      Level
   a - Flame Tongue                   Conjuration/Fire             1
   b - Throw Flame                    Conjuration/Fire             2
   c - Conjure Flame                  Conjuration/Fire             3
   d - Inner Flame                    Hexes/Fire                   3
   e - Sticky Flame                   Conjuration/Fire             4
   f - Fireball                       Conjuration/Fire             5
 C - a book of Misfortune

   Spells                             Type                      Level
   a - Confusing Touch                Hexes                        1
   b - Confuse                        Hexes                        3
   c - Gell's Gravitas                Hexes/Translocation          3
   d - Petrify                        Transmutation/Earth          4
   e - Metabolic Englaciation         Hexes/Ice                    5
   f - Yara's Violent Unravelling     Hexes/Transmutation          5
Comestibles
 c - 7 bread rations
 i - 10 slices of pizza
 o - 3 meat rations


   Skills:
 + Level 10.7 Dodging
 + Level 6.6 Stealth
 + Level 6.3 Shields
 + Level 11.9 Spellcasting
 + Level 7.7 Conjurations
 + Level 3.8 Fire Magic
 + Level 8.4 Air Magic


You had 9 spell levels left.
You knew the following spells:

 Your Spells              Type           Power        Failure   Level  Hunger
a - Shock                 Conj/Air       ####         1%          1    None
b - Static Discharge      Conj/Air       ######..     1%          3    None
c - Swiftness             Chrm/Air       ####....     1%          2    None
d - Repel Missiles        Chrm/Air       ####..       1%          2    None
e - Lightning Bolt        Conj/Air       ######....   6%          5    ####...
f - Flame Tongue          Conj/Fire      #####        1%          1    None
g - Throw Flame           Conj/Fire      #####.       1%          2    None
h - Conjure Flame         Conj/Fire      #####...     1%          3    None
i - Fireball              Conj/Fire      #####.....   14%         5    ####...


Dungeon Overview and Level Annotations

Branches:
Dungeon (12/15)            Temple (1/1) D:7            Lair (0/6) D:10
    Orc (1/2) D:9

Altars:
Ashenzari
Cheibriados
Dithmenos
Elyvilon
Fedhas
Gozag
Hepliaklqana
Kikubaaqudgha
Makhleb
Nemelex Xobeh
Okawaru
Qazlal
Ru
Sif Muna
Trog
Uskayaw
Vehumet
Xom
Yredelemnul
Zin
The Shining One

Shops:
D:9 [(   D:10 *

Annotations:
D:4 Exporg's ghost, amateur DsBe


Innate Abilities, Weirdness & Mutations

You are partially covered in icy blue scales. (AC +2)
You have a somewhat thin skeletal structure. (Dex +2, Stealth)
You are very frail. (-20% HP)
You are covered in fur. (AC +1)


Message History

Something is struck by lightning.
The lightning arcs!
You are struck by lightning.
The lightning arcs!
Something is struck by lightning.
The lightning grounds out.
Something hits you. Something barely misses you. Something hits you!
* * * LOW HITPOINT WARNING * * *
You feel agile all of a sudden. Something completely misses you.
Something hits you.
* * * LOW HITPOINT WARNING * * *
You block something's attack. Something hits you.
* * * LOW HITPOINT WARNING * * *
Something closely misses you. Something hits you.
* * * LOW HITPOINT WARNING * * *
Okay, then.
Okay, then.
Okay, then.
As you read the scroll labeled ATESAFR RIXET, it crumbles to dust.
The scroll dissolves into smoke.
It was a scroll of fog.
Something hits you.
You die...

#....# #........# #........#
########## ##### ####+### .....
#####<.....# .....
....'......######## .....
.####......'..§§@{##########.....
## #......######§§..C...........
#......# ############...<)
#......# ..... ######## .....
..... #####


There were no monsters in sight!

Vanquished Creatures
  The ghost of bosm the Cruncher, a novice DsWn of Makhleb (D:12)
  Maurice (D:9)
  A kobold demonologist (D:9)
  A troll (D:12)
  2 hornets (D:7)
  Grinder (D:6)
  3 hippogriffs
  A human (D:8)
  3 yaks (D:9)
  Eustachio (D:6)
  A hungry ghost (D:9)
  6 ice beasts
  A sky beast (D:12)
  6 orc warriors
  2 black bears
  2 phantoms
  2 centaurs
  2 ogres
  A crocodile (D:8)
  13 big kobolds
  4 bullfrogs
  3 scorpions
  3 killer bees (D:10)
  5 howler monkeys
  A centaur zombie (D:6)
  7 crimson imps
  4 jellies
  7 hounds
  6 orc priests
  5 orc wizards
  3 bullfrog skeletons
  2 centaur skeletons
  An iguana (D:5)
  Ijyb (D:2)
  4 worker ants
  A hound zombie (D:7)
  2 hound skeletons
  A howler monkey zombie (D:8)
  Robin (D:3)
  3 worker ant zombies
  A gnoll (D:9)
  11 adders
  A howler monkey skeleton (D:6)
  A river rat (D:10)
  5 shadow imps
  2 oozes
  An adder zombie (D:5)
  2 adder skeletons
  2 worms
  2 dart slugs (D:1)
  5 leopard geckos
  35 orcs
  A ball python (D:1)
  9 bats
  9 giant cockroaches
  16 goblins
  10 hobgoblins
  8 jackals
  12 kobolds
  4 quokkas
  2 frilled lizards
  A jackal skeleton (D:4)
  A quokka skeleton (D:4)
  13 rats
269 creatures vanquished.

Vanquished Creatures (others)
  4 fungi (D:10)
4 creatures vanquished.

Grand Total: 273 creatures vanquished

Notes
Turn   | Place    | Note
-------+----------+-------------------------------------------
     0 | D:1      | TryAgain the Deep Elf Air Elementalist began the quest for the Orb.
     0 | D:1      | Reached XP level 1. HP: 10/10 MP: 6/6
   174 | D:1      | Reached XP level 2. HP: 15/15 MP: 1/8
   609 | D:1      | Reached XP level 3. HP: 19/19 MP: 1/9
  1487 | D:2      | Noticed Ijyb
  1818 | D:2      | Gained mutation: You are covered in fur. (AC +1) [potion of beneficial mutation]
  1824 | D:2      | Killed Ijyb
  1824 | D:2      | Reached XP level 4. HP: 24/24 MP: 0/11
  2046 | D:3      | Found a shadowy altar of Dithmenos.
  2372 | D:3      | Found an opulent altar of Gozag.
  2406 | D:3      | Reached skill level 4 in Spellcasting
  2521 | D:3      | Noticed Robin
  2568 | D:3      | Killed Robin
  2633 | D:4      | Reached XP level 5. HP: 28/28 MP: 5/13
  2925 | D:4      | Noticed Exporg's ghost (amateur DsBe)
  3100 | D:4      | Reached skill level 5 in Spellcasting
  3100 | D:4      | Reached XP level 6. HP: 20/32 MP: 4/15
  3697 | D:5      | Entered Level 5 of the Dungeon
  3705 | D:5      | Learned a level 3 spell: Static Discharge
  3706 | D:5      | Reached skill level 5 in Air Magic
  3709 | D:5      | Reached XP level 7. HP: 16/36 MP: 1/17
  3999 | D:5      | Learned a level 2 spell: Swiftness
  4002 | D:5      | Learned a level 2 spell: Repel Missiles
  4008 | D:5      | Learned a level 5 spell: Lightning Bolt
  4080 | D:5      | Reached skill level 5 in Dodging
  4107 | D:5      | Reached skill level 6 in Spellcasting
  4166 | D:5      | Found a sacrificial altar of Ru.
  4170 | D:5      | Found a snail-covered altar of Cheibriados.
  4175 | D:5      | Found a shattered altar of Ashenzari.
  4934 | D:6      | Reached XP level 8. HP: 41/41 MP: 14/20
  5053 | D:7      | Noticed a hornet
  5150 | D:7      | Found a deep blue altar of Sif Muna.
  5189 | D:7      | Became a worshipper of Sif Muna the Loreminder
  5542 | D:7      | Noticed a hornet
  5554 | D:8      | Noticed a hippogriff
  5581 | D:8      | Reached skill level 5 in Conjurations
  5584 | D:8      | Killed a hippogriff
  5584 | D:8      | Reached skill level 7 in Spellcasting
  6081 | D:8      | Noticed a hippogriff
  6092 | D:8      | Killed a hippogriff
  6332 | D:8      | Reached skill level 8 in Spellcasting
  6463 | D:8      | Noticed a death knight
  6550 | D:8      | Reached * piety under Sif Muna
  6550 | D:8      | Reached XP level 9. HP: 34/45 MP: 16/23
  7066 | D:7      | Gained mutation: You are frail. (-10% HP) [potion of mutation]
  7066 | D:7      | Gained mutation: You are very frail. (-20% HP) [potion of mutation]
  7066 | D:7      | Gained mutation: You are partially covered in icy blue scales. (AC +2) [potion of mutation]
  7662 | D:7      | Found a staircase to the Ecumenical Temple.
  7671 | Temple   | Entered the Ecumenical Temple
  7951 | D:9      | Learned a level 1 spell: Flame Tongue
  7954 | D:9      | Learned a level 2 spell: Throw Flame
  7958 | D:9      | Learned a level 3 spell: Conjure Flame
  7964 | D:9      | Learned a level 5 spell: Fireball
  8156 | D:9      | Found Asoheam's Armour Emporium.
  8159 | D:9      | Found a staircase to the Orcish Mines.
  8163 | D:9      | Noticed Maurice
  8261 | D:9      | Noticed a kobold demonologist
  8261 | D:9      | Reached skill level 1 in Fire Magic
  8263 | D:9      | Reached ** piety under Sif Muna
  8264 | D:9      | Reached skill level 9 in Spellcasting
  8289 | D:10     | Entered Level 10 of the Dungeon
  8399 | D:10     | Found Hewn's Assorted Antiques.
  8407 | D:10     | Bought a smoky puce potion for 30 gold pieces
  8407 | D:10     | Bought a bubbling orange potion for 30 gold pieces
  8409 | D:10     | Reached skill level 10 in Dodging
  8409 | D:10     | Reached skill level 11 in Spellcasting
  8409 | D:10     | Reached XP level 10. HP: 40/40 MP: 24/27
  8434 | D:10     | Bought a runed robe for 227 gold pieces
  8434 | D:10     | Bought a tiny sapphire amulet for 170 gold pieces
  8637 | D:10     | Gained mutation: You have a somewhat thin skeletal structure. (Dex +2, Stealth) [potion of beneficial mutation]
  8642 | D:10     | Found a staircase to the Lair.
  8865 | D:10     | Got a polished long sword
  9144 | D:10     | Got a polished spear
  9703 | D:9      | Reached *** piety under Sif Muna
  9772 | D:9      | Reached skill level 5 in Stealth
  9903 | D:9      | Reached XP level 11. HP: 36/43 MP: 16/28
  9982 | D:9      | Found Cupoas's Weapon Emporium.
 10129 | D:9      | Noticed a sixfirhy
 10637 | D:9      | Killed Maurice
 10912 | D:6      | Noticed Grinder
 10926 | D:6      | Killed Grinder
 11153 | D:6      | Noticed Eustachio
 11159 | D:6      | Killed Eustachio
 12064 | Orc:1    | Entered Level 1 of the Orcish Mines
 12279 | D:12     | Noticed a hill giant
 12358 | D:12     | Reached **** piety under Sif Muna
 12512 | D:12     | Noticed bosm's ghost (novice DsWn)
 12520 | D:12     | Killed bosm's ghost
 12827 | D:12     | Noticed a hill giant
 12841 | D:12     | HP: 2/43 [something (4)]
 12842 | D:12     | Slain by an unseen horror

Skill      XL: |  1  2  3  4  5  6  7  8  9 10 11 |
---------------+----------------------------------+-----
Dodging        | 3 4 5 7 10 | 10.7
Conjurations   | 2 3 4 6 7 |  7.7
Air Magic      | 4 5 7 8 |  8.4
Spellcasting   | 4 5 6 8 11 | 11.9
Stealth        | 4 5 6 |  6.6
Fire Magic     | 1 2 3 |  3.8
Shields        | 6 |  6.3

Action                   |  1- 3 |  4- 6 |  7- 9 | 10-12 || total
-------------------------+-------+-------+-------+-------++-------
Melee: Whip              |    11 |       |       |       ||    11
       Hand axe          |       |     7 |       |       ||     7
       Spear             |       |       |    68 |       ||    68
       Staff             |       |       |       |    91 ||    91
 Cast: Shock             |    89 |   107 |   231 |   264 ||   691
       Static Discharge  |       |     4 |    10 |    59 ||    73
       Lightning Bolt    |       |       |     6 |     6 ||    12
       Conjure Flame     |       |       |     3 |    10 ||    13
       Flame Tongue      |       |       |       |     4 ||     4
       Repel Missiles    |       |       |       |     1 ||     1
Evoke: Wand              |       |       |     3 |       ||     3
  Use: Potion            |     5 |     1 |     4 |     7 ||    17
       Scroll            |     4 |     3 |    10 |     3 ||    20
 Stab: Distracted        |       |       |       |     1 ||     1
  Eat: Chunk             |     2 |     6 |     9 |     9 ||    26
       Beef jerky        |       |       |     1 |     3 ||     4
       Meat ration       |       |       |     1 |     1 ||     2
Armor: Robe              |     4 |    18 |    40 |    44 ||   106
Dodge: Dodged            |    23 |    55 |   130 |   212 ||   420
       Deflected         |       |       |       |     2 ||     2
Block: Buckler           |       |       |       |    63 ||    63
